 Dungeon Crawl Stone Soup version 0.31.0-32-g396128a36d (webtiles) character file.

Game seed: 675620587556039165

2167 TacoSundae the Grappler (level 9, -6/62 HPs)
             Began as a Barachi Shapeshifter on Apr 13, 2024.
             Was a Follower of Cheibriados.
             Mangled by a hornet (10 damage)
             ... on level 7 of the Dungeon.
             The game lasted 00:22:42 (6963 turns).

TacoSundae the Grappler (Barachi Shapeshifter)      Turns: 6963, Time: 00:22:44

Health: -6/62      AC:  7    Str: 22    XL:     9   Next: 32%
Magic:  9/9        EV: 12    Int: 13    God:    Cheibriados [*.....]
Gold:   453        SH:  0    Dex: 13    Spells: 8/8 levels left

rFire   . .          .
                       - Unarmed
rCold   + . .        (no shield)
rNeg    . . .        j - +2 ring mail {rC+}
rPois   .            p - melded +2 helmet {SInv}
rElec   .            (cloak currently unavailable)
rCorr   .            n - melded +0 pair of gloves
SInv    .            (boots currently unavailable)
Will    .....        (no amulet) Stlth
                     (no ring)
HPRegen 0.30/turn    (no ring)
MPRegen 0.11/turn

%: no passive effects
@: confused, lethally poisoned (-6 -> -22), beast-form, ambrosia-drunk, slowed,
very slow
A: beast (slay +4), amphibious, slowness 1, strong legs 1, +LOS
a: Hop, Begin Untransformation, Renounce Religion, Bend Time


You were on level 7 of the Dungeon.
You worshipped Cheibriados.
Cheibriados was aware of your devotion.
You were a hulking beast.
You visited 2 branches of the dungeon, and saw 8 of its levels.

You collected 481 gold pieces.
You spent 28 gold pieces at shops.

Inventory:

Hand Weapons
 b - a +2 trident
 u - a +4 whip of electrocution
Armour
 j - a +2 ring mail of cold resistance (worn)
 n - a +0 pair of gloves (melded)
 p - a +2 helmet of see invisible (melded)
 s - a +1 ring mail of fire resistance
 z - a scarf of invisibility
Talismans
 c - a beast talisman (active)
 d - a flux talisman
 m - a maw talisman
Scrolls
 f - 3 scrolls of revelation
 h - a scroll of enchant armour
 l - 2 scrolls of teleportation
 t - a scroll of fear
 y - a scroll of immolation
Potions
 g - 2 potions of haste {unknown}
 i - 2 potions of attraction {unknown}
 k - 2 potions of lignification
 o - a potion of degeneration {unknown}
 q - a potion of enlightenment {unknown}
 r - a potion of mutation {unknown}
 v - a potion of cancellation {unknown}
 x - 3 potions of curing {unknown}


   Skills:
 + Level 2.4 Fighting
 + Level 3.0 Dodging
 * Level 9.8 Unarmed Combat
 + Level 8.9 Shapeshifting


You had 8 spell levels left.
You didn't know any spells.
Your spell library contained the following spells:

 Spells                   Type           Power      Damage    Failure   Level
 Ensorcelled Hibernation  Hex/Ice        0%         N/A       58%         2
 Frozen Ramparts          Ice            0%         1d1       83%         3
 Fugue of the Fallen      Necr           0%         N/A       83%         3
 Inner Flame              Hex/Fire       0%         N/A       83%         3
 Anguish                  Hex/Necr       0%         N/A       99%         4
 Flame Wave               Conj/Fire      0%         2d4       99%         4
 Leda's Liquefaction      Alch/Erth      0%         N/A       99%         4
 Petrify                  Alch/Erth      0%         N/A       99%         4
 Sticky Flame             Fire/Alch      0%         2d4       99%         4
 Metabolic Englaciation   Hex/Ice        0%         N/A       100%        5
 Malign Gateway           Summ/Tloc      0%         N/A       100%        7
 Summon Horrible Things   Summ           0%         N/A       100%        8


Dungeon Overview and Level Annotations

Branches:
Dungeon (7/15)             Temple (1/1) D:4

Altars:
Ashenzari
Cheibriados
Dithmenos
Elyvilon
Hepliaklqana
Kikubaaqudgha
Makhleb
Nemelex Xobeh
Okawaru
Ru
Sif Muna
Trog
Wu Jian
Xom
Zin
The Shining One

Shops:
D:2 *   D:3 ?   D:4 *

Annotations:
D:4 2 transporters


Innate Abilities, Weirdness & Mutations

You are a hulking beast.
Your limbs bulge with bestial killing power. (Slay +4)
You are amphibious.
You cover ground slowly.
You can hop short distances.
You have an extended range of vision and can be seen from far away.


Message History

You feel much better.
You feel very sick. The hornet stings you.
You are more poisoned.
You feel as though you will be slow longer.
The hornet stings you.
You feel as though you will be slow longer.
The hornet stings you but does no damage.
You barely miss the hornet.
The hornet is severely wounded.
You feel very sick.
The hornet stings you but does no damage.
Unknown command.
You punch the hornet!
The hornet is almost dead.
* * * LOW HITPOINT WARNING * * *
You feel very sick. The hornet stings you!
* * * LOW HITPOINT WARNING * * *
You are more poisoned.
You feel as though you will be slow longer.
The hornet completely misses you.
Unknown command.
You feel much better.
* * * LOW HITPOINT WARNING * * *
You feel extremely sick.
The hornet stings you but does no damage.
The hornet stings you.
* * * LOW HITPOINT WARNING * * *
You feel as though you will be slow longer.
The hornet stings you!
* * * LOW HITPOINT WARNING * * *
You feel as though you will be slow longer.
It was a potion of ambrosia.
You are confused.
You feel invigorated.
* * * LOW HITPOINT WARNING * * *
You feel very sick. The hornet stings you!
You die...

..###### .. )......# ..
.......# . .......# .####
.......# #...# .......#
#...# .......####### #...#
.............# #y..#
######.#####.# #h..#
#[##....# #...#
#.##.######...######
#)##..<...'...'....#
#.#########...####.#
#.################.#
#.)..............#.#########
################.#....##....
#.#....##.###


You could see a hornet.

Vanquished Creatures
  Menkaure (D:6)
  A water moccasin (D:7)
  2 ice beasts
  2 black bears
  3 ogres
  A centaur (D:6)
  A phantom (D:5)
  Blork the orc (D:6)
  A scorpion (D:6)
  A bullfrog (D:7)
  A gnoll sergeant (D:7)
  5 wights (D:7)
  4 howler monkeys
  4 jellies
  4 hounds
  2 sleepcaps
  6 adders
  6 gnolls
  A white imp (D:7)
  4 dart slugs
  A ribbon worm (D:6)
  5 orcs
  10 endoplasms
  4 giant cockroaches
  11 goblins
  6 hobgoblins
  7 jackals
  9 kobolds
  5 quokkas
  11 ball pythons
  4 bats
  7 frilled lizards
  12 rats
  A butterfly (D:5)
144 creatures vanquished.

Notes
Turn   | Place    | Note
-------+----------+-------------------------------------------
     0 | D:1      | TacoSundae the Barachi Shapeshifter began the quest for the
                  | Orb.
     0 | D:1      | Reached XP level 1. HP: 15/15 MP: 1/1
   182 | D:1      | Reached XP level 2. HP: 21/21 MP: 2/2
   326 | D:1      | Reached XP level 3. HP: 24/26 MP: 3/3
   386 | D:1      | Reached skill level 4 in Unarmed Combat
   812 | D:2      | Found Quidyrigre's Assorted Antiques.
   830 | D:2      | Identified the +3 war axe of the Priest {freeze, Str+3}
   936 | D:2      | Reached XP level 4. HP: 32/32 MP: 4/4
  1838 | D:3      | Found an iron altar of Okawaru.
  1919 | D:3      | Reached XP level 5. HP: 26/37 MP: 5/5
  2045 | D:3      | Found Jama's Magic Scroll Shoppe.
  2055 | D:3      | Bought a scroll of identify for 28 gold pieces
  2115 | D:3      | Reached skill level 5 in Unarmed Combat
  2135 | D:3      | Found a faded altar of an unknown god.
  2438 | D:4      | Reached skill level 5 in Shapeshifting
  2459 | D:4      | Found Xydann's Lightly-Used Armoury.
  2466 | D:4      | Found a transporter.
  2510 | D:4      | Found a burning altar of Makhleb.
  2636 | D:4      | Reached XP level 6. HP: 6/43 MP: 6/6
  2785 | D:4      | Found an ornate altar of the Wu Jian Council.
  2887 | D:4      | Found a staircase to the Ecumenical Temple.
  3005 | D:4      | Found a transporter.
  3150 | Temple   | Entered the Ecumenical Temple
  3182 | D:5      | Entered Level 5 of the Dungeon
  3246 | D:5      | Noticed a black bear
  3250 | D:5      | Killed a black bear
  3251 | D:5      | Reached skill level 6 in Unarmed Combat
  3254 | D:5      | Identified the +1 shortbow "Loopy" {heavy, rN+ Str+3 Int+2
                  | Stlth+}
  3382 | D:5      | Reached XP level 7. HP: 17/48 MP: 7/7
  3565 | D:5      | Found a white marble altar of Elyvilon.
  3636 | D:5      | Reached skill level 7 in Unarmed Combat
  3857 | D:5      | Found a glowing golden altar of the Shining One.
  3864 | D:5      | Found a glowing silver altar of Zin.
  4113 | D:5      | Found a shimmering altar of Xom.
  4523 | D:6      | Noticed Blork the orc
  4523 | D:6      | Noticed Menkaure
  4787 | D:6      | Reached XP level 8. HP: 23/54 MP: 8/8
  4951 | D:6      | Killed Menkaure
  4952 | D:6      | Reached skill level 8 in Unarmed Combat
  4973 | D:6      | Killed Blork the orc
  5244 | D:6      | Found a snail-covered altar of Cheibriados.
  5254 | D:6      | Became a worshipper of Cheibriados the Contemplative
  5703 | D:6      | Found a sparkling altar of Nemelex Xobeh.
  6002 | D:7      | Reached skill level 9 in Unarmed Combat
  6010 | D:7      | Reached XP level 9. HP: 45/59 MP: 9/9
  6925 | D:7      | Reached * piety under Cheibriados
  6944 | D:7      | Noticed a hornet
  6949 | D:7      | Paralysed by a hornet for 3 turns
  6961 | D:7      | HP: 1/62 [hornet (15)]
  6963 | D:7      | Mangled by a hornet

Illustrated notes

Levels and vault maps discovered:
D:1:      erik_arrival_blinker_ship, layout_basic
D:2:      layout_basic, serial_shops, shop, minmay_stone_trees_large,
          minmay_quadrilaterals
D:3:      layout_rooms, okawaru_metal_pillars_1_2,
          nicolae_ecumenical_snake_handling, serial_shops, shop
D:4:      gammafunk_cloud_chamber, layout_gridville, amcnicky_altar_gilded,
          mainiacjoe_overflow_24_doors, minmay_temple_entry_tees,
          glass_columns_b, minivault_4, minmay_shop_damaged,
          minmay_stone_trees_small
D:5:      layout_basic, good_gods_mini_temple, xom_butterflies,
          kennysheep_generic_room_11
D:6:      layout_layer_cave, slow_altar_2, overflow_temple_1_default,
          uniq_blork_the_orc, uniq_menkaure
D:7:      layout_basic, minmay_misc_feat_hallway
Temple:   nicolae_temple_great_sept

Skill      XL: |  1  2  3  4  5  6  7  8  9 |
---------------+----------------------------+-----
Unarmed Combat | 4 5 6 7 9 |  9.8
Shapeshifting  | 4 5 7 8 |  8.9
Fighting       | 2 |  2.4
Dodging        | 3 |  3.0

Action                     |  1- 3 |  4- 6 |  7- 9 || total
---------------------------+-------+-------+-------++-------
  Melee: Unarmed           |   112 |       |   164 ||   276
         War axe           |    15 |   121 |     9 ||   145
         Punch             |       |     2 |    13 ||    15
  Throw: Throwing net      |       |       |     2 ||     2
Ability: Hop               |       |       |     2 ||     2
    Use: Scroll            |       |     2 |    11 ||    13
         Potion            |       |       |     7 ||     7
   Stab: Sleeping          |     1 |       |       ||     1
 Armour: Animal skin       |    39 |       |       ||    39
         Leather armour    |     9 |    63 |       ||    72
         Ring mail         |       |    11 |   121 ||   132
         Skin              |       |       |    13 ||    13
  Dodge: Dodged            |    78 |    83 |    60 ||   221
   Form: Beast             |       |       |     1 ||     1
         Flux              |       |       |     1 ||     1
